Map: Neon Violet Square LE

Players

Optimus - Winner!

  • Race: Terran Terran
  • League: Grandmaster
  • Spawn Location: 5:00

Socke

  • Race: Protoss Protoss
  • League: Master
  • Spawn Location: 11:00

Event: HomeStory Cup XVI

VOD

Have the link to the VOD?

Description

Time

  • Played on: Nov. 10, 2017, 9:58 a.m.
  • Length: 17:13

All games in this series

Show
View Real Time Build Order
Export as new Build Order

Optimus Terran - Winner!

Build Orders:  

Get SALT Encoding   

  12  0:00  SCV  
  13  0:12  SCV  
  14  0:18  Supply Depot  
  14  0:24  SCV  
  15  0:40  SCV  
  15  0:42  Barracks  
  16  0:46  Refinery  
  16  0:52  SCV  
  17  1:04  SCV  
  18  1:16  SCV  
  19  1:29  Orbital Command, Marine  
  20  1:45  Command Center  
  20  1:50  Barracks Reactor  
  20  1:55  SCV  
  21  2:01  Supply Depot  
  21  2:07  SCV  
  22  2:13  Factory  
  22  2:19  SCV  
  23  2:26  Marine x2  
  25  2:31  SCV  
  25  2:32  Refinery  
  26  2:41  Bunker  
  26  2:43  SCV  
  27  2:45  Marine x2  
  29  2:55  SCV  
  29  2:57  Orbital Command  
  30  3:05  Starport  
  30  3:08  Widow Mine  
  32  3:13  Marine  
  32  3:14  Marine  
  32  3:16  SCV  
  35  3:22  SCV  
  36  3:28  Supply Depot, SCV  
  34  3:36  Marine  
  34  3:37  Marine  
  34  3:41  SCV  
  32  3:45  Viking  
  32  3:47  SCV  
  34  3:53  SCV  
  34  3:54  Marine x2  
  36  4:05  SCV  
  31  4:10  SCV  
  31  4:11  Factory Tech Lab  
  31  4:12  Marine x2  
  32  4:17  SCV  
  32  4:22  SCV  
  32  4:29  SCV  
  32  4:30  Liberator, Marine x2  
  34  4:35  SCV  
  34  4:36  Siege Tank  
  38  4:41  SCV  
  39  4:47  SCV  
  43  4:53  SCV  
  43  4:54  Marine x2  
  43  4:59  SCV  
  47  5:06  SCV  
  48  5:08  Siege Tank  
  48  5:14  Marine x2  
  51  5:15  SCV  
  51  5:21  Supply Depot  
  54  5:32  Command Center  
  54  5:42  SCV x2, Siege Tank  
  59  5:43  Marine x2  
  61  5:53  Barracks, Starport Reactor  
  61  5:54  Barracks  
  62  5:59  Supply Depot  
  62  6:03  SCV  
  62  6:20  Siege Tank, SCV x2, Marine x2  
  62  6:24  Supply Depot  
  68  6:33  SCV  
  68  6:38  SCV  
  60  6:42  Marine x4  
  60  6:45  SCV  
  48  6:50  SCV  
  50  6:57  SCV  
  50  6:59  Orbital Command  
  50  7:00  Marine  
  51  7:03  Marine  
  53  7:09  SCV  
  53  7:16  SCV  
  53  7:21  SCV  
  52  7:28  SCV  
  49  7:32  SCV, Marine  
  49  7:33  Marine x3  
  49  7:34  Stimpack  
  54  7:37  Barracks  
  54  7:41  Factory Tech Lab  
  54  7:46  Barracks  
  54  7:48  SCV  
  54  7:50  Marine x2  
  56  7:52  Engineering Bay  
  56  7:53  Barracks Reactor  
  56  7:57  SCV  
  57  7:59  SCV  
  57  8:00  Medivac, SCV  
  57  8:01  Medivac  
  57  8:05  Marine  
  64  8:09  SCV, Engineering Bay  
  63  8:13  Marine  
  63  8:14  SCV  
  65  8:20  Marine  
  65  8:21  SCV  
  65  8:22  Marine  
  65  8:23  Siege Tank  
  70  8:29  Refinery, Missile Turret, SCV  
  70  8:33  Barracks Tech Lab x2  
  71  8:40  Marine x4  
  75  8:41  SCV x2  
  75  8:45  Marauder  
  79  8:50  Terran Infantry Weapons Level 1, Terran Infantry Armor Level 1  
  79  8:51  SCV  
  79  8:54  Marauder, Combat Shields  
  82  8:59  Marauder  
  82  9:01  Marine x3  
  87  9:03  SCV  
  87  9:06  Orbital Command, SCV  
  87  9:08  Siege Tank  
  92  9:12  Refinery  
  92  9:15  SCV  
  93  9:20  Factory  
  93  9:32  Supply Depot  
  93  9:35  Supply Depot  
  93  9:41  SCV  
  93  9:45  SCV  
  93  9:46  SCV  
  93  9:48  Marine  
  93  9:49  Marine  
  93  9:51  Marine  
  93  9:53  SCV, Marine  
  93  9:54  Marauder x3  
  93  9:57  SCV  
  93  9:58  SCV  
  93  9:59  Armory  
  103  10:04  Factory Tech Lab  
  103  10:06  SCV  
  104  10:09  SCV  
  104  10:10  SCV, Siege Tank  
  105  10:15  Marauder x2  
  109  10:23  Supply Depot  
  109  10:24  Supply Depot  
  109  10:28  Supply Depot x2  
  109  10:33  Marine  
  109  10:34  Medivac x2, SCV x3  
  117  10:43  Marine  
  117  10:44  Marine  
  117  10:46  SCV x3  
  117  10:55  Siege Tank  
  113  10:58  SCV x3, Marine x2  
  113  11:06  Marine x2  
  113  11:10  SCV x3  
  113  11:11  Terran Infantry Weapons Level 2  
  115  11:16  Concussive Shells  
  110  11:19  Marine  
  110  11:20  Marine  
  110  11:22  SCV x3  
  110  11:24  Refinery  
  113  11:27  Siege Tank  
  105  11:34  SCV x3  
  105  11:35  Terran Infantry Armor Level 2  
  105  11:37  Marine x3  
  105  11:39  Siege Tank  
  111  11:46  SCV x3  
  114  11:47  Medivac  
  114  11:49  Marine x2  
  118  11:58  SCV x3  
  118  11:59  Medivac  
  118  12:00  Marine  
  118  12:01  Supply Depot, Marine  
  125  12:08  Marine x2  
  126  12:09  Supply Depot, Marauder  
  126  12:10  SCV x3  
  126  12:13  Siege Tank  
  126  12:14  Siege Tank  
  136  12:23  SCV x2  
  136  12:25  SCV  
  136  12:26  Medivac  
  136  12:29  Medivac  
  142  12:32  Marine x4  
  142  12:33  Marauder  
  148  12:41  Marauder x2  
  148  12:43  Supply Depot x2  
  152  12:49  Marine x2  
  154  12:52  Marine x2  
  154  12:55  Marauder  
  154  12:57  Siege Tank  
  161  13:01  SCV x2  
  161  13:02  Marauder  
  161  13:04  Marauder  
  157  13:13  Medivac x2, Command Center  
  157  13:15  Marine x2  
  157  13:16  Marauder  
  157  13:17  SCV  
  165  13:25  SCV x2  
  165  13:26  Siege Tank  
  167  13:29  Supply Depot  
  167  13:36  Marauder x2, Marine x2  
  167  13:39  Marine x2  
  167  13:41  Liberator x2, SCV  
  172  13:47  Marauder  
  174  13:52  Barracks  
  174  13:53  Barracks  
  174  13:59  Marauder  
  182  14:03  Supply Depot  
  182  14:06  Marauder, Marine x2  
  186  14:16  Marauder, Marine  
  189  14:22  Marine  
  189  14:23  Marauder  
  185  14:28  Marauder  
  185  14:29  Liberator  
  184  14:34  Siege Tank  
  184  14:36  Marine x2  
  184  14:38  Marauder  
  191  14:40  Marine  
  191  14:45  Marine x3  
  197  15:02  SCV x2  
  195  15:08  Marauder, Marine x2  
  195  15:09  Marauder  
  195  15:13  Planetary Fortress  
  191  15:20  Marine  
  191  15:21  Marauder, SCV, Marine x3  
  186  15:26  Marine x2  
  177  15:30  Marauder x2  
  174  15:38  Marine x2  
  174  15:39  Marine x2  
  174  15:42  Marauder  
  177  15:43  Orbital Command  
  177  15:44  Marine x2  
  170  15:51  Marine x2  
  170  15:53  SCV  
  170  15:56  Marine x4  
  175  15:57  Liberator  
  175  16:02  Marine x2  
  175  16:03  Marine  
  177  16:09  Marine  
  176  16:16  Marine  
  176  16:17  Marine x3  
  182  16:23  Marine x3  
  176  16:31  Marine  
  176  16:32  Marine  
  159  16:34  Marine  
  159  16:36  SCV  
  146  16:42  Marine  
  146  16:46  Marine  
  145  16:58  SCV  
  145  16:59  SCV  
  149  17:10  Missile Turret  
Show
View Real Time Build Order
Export as new Build Order

Socke Protoss 

Build Orders: 1 Gate Expand, Oracle Opening 

Get SALT Encoding   

  12  0:02  Probe (Chrono Boost)  
  14  0:14  Probe (Chrono Boost)  
  14  0:19  Pylon  
  14  0:26  Probe (Chrono Boost)  
  15  0:32  Probe (Chrono Boost)  
  15  0:37  Gateway  
  15  0:41  Probe (Chrono Boost)  
  16  0:46  Assimilator  
  17  0:53  Probe (Chrono Boost)  
  19  1:05  Probe (Chrono Boost)  
  19  1:21  Probe (Chrono Boost)  
  19  1:24  Nexus  
  21  1:33  Probe (Chrono Boost)  
  21  1:40  Cybernetics Core  
  21  1:42  Assimilator  
  21  1:46  Probe (Chrono Boost)  
  22  1:53  Pylon  
  22  1:58  Probe (Chrono Boost)  
  23  2:05  Pylon  
  23  2:06  Adept  
  23  2:13  Probe (Chrono Boost)  
  26  2:23  Stargate  
  26  2:28  Probe (Chrono Boost)  
  26  2:29  Warp Gate  
  27  2:39  Probe (Chrono Boost)  
  29  2:46  Probe (Chrono Boost)  
  29  2:50  Oracle  
  30  2:51  Probe (Chrono Boost)  
  30  2:53  Stalker  
  30  2:58  Probe (Chrono Boost)  
  33  3:03  Probe (Chrono Boost)  
  34  3:10  Probe (Chrono Boost)  
  38  3:15  Probe (Chrono Boost)  
  38  3:17  Oracle  
  39  3:22  Probe (Chrono Boost)  
  41  3:27  Probe (Chrono Boost)  
  41  3:29  Pylon  
  42  3:34  Probe (Chrono Boost)  
  42  3:39  Probe (Chrono Boost)  
  46  3:46  Probe (Chrono Boost)  
  47  3:51  Assimilator  
  47  3:52  Probe (Chrono Boost)  
  47  3:54  Robotics Facility  
  48  3:58  Probe (Chrono Boost)  
  50  4:04  Probe (Chrono Boost)  
  50  4:09  Phoenix  
  49  4:10  Probe (Chrono Boost)  
  49  4:16  Probe (Chrono Boost)  
  50  4:23  Probe (Chrono Boost)  
  50  4:27  Gateway  
  50  4:29  Gateway  
  50  4:30  Probe (Chrono Boost)  
  51  4:32  Gateway  
  51  4:34  Observer  
  51  4:37  Gateway  
  51  4:45  Probe (Chrono Boost)  
  53  4:47  Assimilator  
  53  4:48  Stalker  
  55  4:53  Gateway x2  
  55  4:56  Immortal, Probe (Chrono Boost)  
  56  5:00  Pylon  
  60  5:13  Pylon  
  60  5:25  Adept x3  
  60  5:27  Stalker  
  68  5:31  Stalker  
  68  5:34  Probe (Chrono Boost)  
  68  5:35  Observer, Probe (Chrono Boost)  
  73  5:46  Adept  
  73  5:47  Adept, Probe (Chrono Boost)  
  78  5:55  Pylon  
  78  5:57  Nexus  
  78  5:58  Pylon  
  78  5:59  Pylon  
  78  6:15  Adept x4  
  78  6:17  Adept  
  78  6:18  Adept x2  
  85  6:39  Stalker x3  
  81  6:40  Stalker  
  63  6:53  Adept x3  
  59  7:03  Adept x2  
  59  7:04  Adept  
  65  7:10  Zealot  
  59  7:25  Probe (Chrono Boost)  
  59  7:29  Stalker  
  50  7:37  Probe (Chrono Boost)  
  49  7:41  Twilight Council, Sentry x2  
  49  7:44  Stalker x2  
  57  7:45  Probe (Chrono Boost)  
  57  7:51  Probe (Chrono Boost)  
  58  7:56  Stalker  
  59  7:58  Blink  
  59  8:05  Probe x2 (Chrono Boost)  
  61  8:16  Probe (Chrono Boost)  
  61  8:17  Probe (Chrono Boost)  
  63  8:22  Warp Prism  
  63  8:23  Probe x2 (Chrono Boost)  
  63  8:31  Probe x2 (Chrono Boost)  
  69  8:39  Robotics Bay  
  69  8:43  Probe x2 (Chrono Boost)  
  71  8:50  Stalker  
  71  8:53  Immortal  
  73  9:00  Probe x2 (Chrono Boost)  
  75  9:08  Forge  
  75  9:10  Pylon  
  79  9:23  Protoss Ground Weapons Level 1  
  79  9:27  Shield Battery  
  79  9:30  Pylon  
  74  9:32  Stalker x4  
  74  9:33  Shield Battery  
  83  9:38  Probe (Chrono Boost)  
  83  9:41  Colossus  
  83  9:44  Charge  
  84  9:47  Probe (Chrono Boost)  
  90  9:57  Probe x2 (Chrono Boost)  
  92  10:02  Zealot x2  
  96  10:09  Pylon  
  96  10:11  Zealot x2  
  100  10:25  Zealot x3, Assimilator, Colossus  
  102  10:59  Probe (Chrono Boost)  
  102  11:01  Zealot x6  
  116  11:12  Probe (Chrono Boost)  
  116  11:14  Colossus  
  121  11:26  Probe (Chrono Boost)  
  121  11:28  Protoss Ground Armor Level 1  
  105  11:39  Nexus  
  101  11:41  Templar Archives  
  101  11:44  Probe (Chrono Boost)  
  103  11:47  Probe (Chrono Boost)  
  103  11:55  Immortal  
  103  11:57  Pylon  
  103  11:58  Zealot x2  
  107  12:01  Sentry  
  107  12:02  Zealot  
  107  12:07  Zealot x2  
  119  12:21  Probe (Chrono Boost)  
  118  12:33  Stalker x2  
  118  12:34  Zealot x4  
  130  12:39  Probe x2 (Chrono Boost)  
  126  12:55  Zealot  
  126  12:56  Zealot x5  
  138  13:12  Colossus  
  138  13:13  Gateway  
  138  13:15  Probe (Chrono Boost)  
  138  13:16  Gateway  
  135  13:28  Protoss Ground Weapons Level 2  
  133  13:39  High Templar x2  
  133  13:40  High Templar x2, Zealot x2  
  139  13:43  Probe (Chrono Boost)  
  139  13:44  Probe (Chrono Boost)  
  139  13:47  Forge  
  141  13:57  Archon x2  
  141  14:00  Probe x4 (Chrono Boost)  
  145  14:05  High Templar  
  145  14:06  High Templar  
  149  14:11  Archon  
  149  14:12  Probe x2 (Chrono Boost)  
  149  14:13  Probe (Chrono Boost)  
  152  14:20  Zealot x2  
  156  14:43  Pylon  
  156  14:45  Pylon  
  156  14:47  Pylon  
  156  14:48  Pylon  
  152  14:56  Pylon  
  150  15:08  Zealot x4  
  150  15:09  Zealot x4, Immortal  
  150  15:13  Nexus  
  144  15:30  High Templar x4  
  144  15:31  Stalker  
  144  15:32  Stalker  
  138  15:45  High Templar x2  
  138  15:46  Pylon  
  141  15:57  Archon  
  141  16:00  Pylon  
  141  16:03  Archon x2  
  136  16:04  Stalker x2  
  136  16:05  Zealot  
  68  16:52  High Templar x2, Stalker x2  
  75  16:56  Archon  
Tags
 
Add a new tag
Caveats
  • Supply blocks, unpowered buildings, or Contaminate may cause inaccurate times.
  • Supply counts are checked every 10 seconds.